 Dungeon Crawl Stone Soup version 0.19.1-1-g22dce08 (webtiles) character file.

150 theAP the Skirmisher (level 5, -9/34 HPs)
             Began as a Gargoyle Fighter on Jan 5, 2017.
             Engulfed by a cloud of flame (18 damage)
             ... on level 4 of the Dungeon.
             The game lasted 00:05:29 (1911 turns).

theAP the Skirmisher (Gargoyle Fighter)             Turns: 1911, Time: 00:05:31

Health: -9/34      AC: 14    Str: 20    XL:     5   Next: 32%
Magic:  5/5        EV:  5    Int:  9    God:
Gold:   127        SH:  9    Dex:  9    Spells: 0 memorised, 4 levels left

rFire  . . .     SeeInvis .     a - +0 flail
rCold  . . .     Gourm    .     e - +0 chain mail
rNeg   + . .     Faith    .     c - +0 shield
rPois  ∞         Spirit   .     n - +0 helmet
rElec  +         Reflect  .     (no cloak)
rCorr  .         Harm     .     (no gloves)
MR     .....                    (no boots)
Stlth  ..........               (no amulet)
                                (no ring)
                                (no ring)

@: no status effects
A: negative energy resistance 1, electricity resistance, unbreathing,
petrification resistance, rot immunity, AC +4
a: no special abilities


You were on level 4 of the Dungeon.
You were not hungry.

You visited 1 branch of the dungeon, and saw 4 of its levels.

You collected 127 gold pieces.

Inventory:

Hand Weapons
 a - a +0 flail (weapon)
Armour
 b - a +0 scale mail
 c - a +0 shield (worn)
 e - a +0 chain mail (worn)
 n - a +0 helmet (worn)
Scrolls
 p - a scroll of magic mapping
 r - a scroll of remove curse
 s - a scroll of amnesia
Potions
 d - 3 potions of might
 g - a potion of brilliance {unknown}
 h - a potion of degeneration {unknown}
 j - 2 potions of ambrosia {unknown}
 o - a potion of invisibility {unknown}
Comestibles
 f - 2 bread rations
 i - 2 fruits
 k - a meat ration
 l - a royal jelly
 m - a beef jerky


   Skills:
 + Level 4.4 Fighting
 * Level 4.4 Maces & Flails
 - Level 3.4 Armour
 - Level 3.4 Shields


You had 4 spell levels left.
You didn't know any spells.

Dungeon Overview and Level Annotations

Branches:
Dungeon (4/15)
 Temple: D:4-7

Altars:
Okawaru
Sif Muna
Trog
Uskayaw
Xom


Innate Abilities, Weirdness & Mutations

You are resistant to torment.
Your stone body is resilient. (AC +4)
You are immune to poison.
You resist negative energy. (rN+)
You are resistant to electric shocks. (rElec)
You can survive without breathing.
You are immune to petrification.
You are immune to rotting.


Message History

You block the bullfrog skeleton's attack.
The bullfrog skeleton hits you but does no damage.
You sock the bullfrog skeleton!
You destroy the bullfrog skeleton!
You have reached level 5!
An adder comes into view.
The adder moves out of view.
All of the chunks of flesh in your inventory have rotted away.
You see here a scroll of immolation.
q - a scroll of immolation
As you read the scroll of immolation, it crumbles to dust.
The creatures around you are filled with an inner flame!
You thump the adder!
The adder explodes!
The fiery explosion engulfs you!
Ouch! That really hurt!
* * * LOW HITPOINT WARNING * * *
You are engulfed in roaring flames.
Ouch! That really hurt!
You die...

##.#...#... ..
........# ...
#.##....###### ..##
#.##.........# ....#
#............##
#..##..##..<......#
###....###..........
#....#.###.....?...#
....#.§@§.##.........#
..# ###§#.##........#.
#..####§#..#..........
#....#.##.#.........#
#...##.#........##
###..##.###.....##
#..#.##.###...###
#............##
#...>.....##.#


There were no monsters in sight!

Vanquished Creatures
  A bullfrog skeleton (D:4)
  5 adders
  2 oozes
  A dart slug (D:1)
  A leopard gecko (D:4)
  A ball python (D:2)
  3 bats
  2 giant cockroaches (D:2)
  6 goblins
  8 hobgoblins
  12 jackals
  10 kobolds
  2 quokkas
  5 frilled lizards
  2 rats (D:1)
61 creatures vanquished.

Notes
Turn   | Place    | Note
-------+----------+-------------------------------------------
     0 | D:1      | theAP the Gargoyle Fighter began the quest for the Orb.
     0 | D:1      | Reached XP level 1. HP: 14/14 MP: 1/1
   209 | D:1      | Reached XP level 2. HP: 14/19 MP: 2/2
   675 | D:2      | Reached XP level 3. HP: 15/23 MP: 3/3
   888 | D:2      | Reached XP level 4. HP: 22/29 MP: 4/4
   977 | D:2      | Found a bloodstained altar of Trog.
   977 | D:2      | Found an iron altar of Okawaru.
  1226 | D:3      | Found a shimmering altar of Xom.
  1226 | D:3      | Found a hide-covered altar of Uskayaw.
  1455 | D:3      | Found a deep blue altar of Sif Muna.
  1896 | D:4      | Reached XP level 5. HP: 33/34 MP: 5/5
  1911 | D:4      | Engulfed by a cloud of flame

Skill      XL: |  1  2  3  4 |
---------------+-------------+-----
Maces & Flails | 3 4 |  4.4
Fighting       | 4 |  4.4
Armour         | |  3.4
Shields        | |  3.4

Action                   |  1- 3 |  4- 6 || total
-------------------------+-------+-------++-------
Melee: Flail             |   195 |   122 ||   317
  Use: Scroll            |     6 |     1 ||     7
  Eat: Chunk             |       |     4 ||     4
Armor: Chain mail        |   163 |    92 ||   255
       Scale mail        |     4 |       ||     4
Dodge: Dodged            |    57 |    35 ||    92
Block: Shield            |   110 |    77 ||   187
